 Dungeon Crawl Stone Soup version 0.30.1-11-g7821555f0a (webtiles) character file.

Game seed: 5909161735623355245

25 monsoonserge the Magician (level 3, -2/25 HPs)
             Began as a Djinni Venom Mage on Nov 16, 2023.
             Frozen to death by an endoplasm (6 damage)
             ... on level 2 of the Dungeon.
             The game lasted 00:04:28 (1062 turns).

monsoonserge the Magician (Djinni Venom Mage)       Turns: 1062, Time: 00:04:30

Health: -2/25      AC:  3    Str:  7    XL:     3   Next: 20%
Gold:   77         EV: 11    Int: 18    God:
                   SH:  0    Dex: 13

rFire   + + .        i - +1 dagger (vamp)
rCold   x . .        (no shield)
rNeg    . . .        j - +0 leather armour
rPois   ∞            (no helmet)
rElec   .            (no cloak)
rCorr   .            (no gloves)
SInv    .            (boots unavailable)
Will    +....        (no amulet)
Stlth   ++           l - ring of willpower
HPRegen 0.24/turn    (no ring)
MPRegen 0.00/turn

%: infuse magic (-3 HP)
@: flying
A: sickness immunity, fire resistance 2, cold vulnerability 1, float, innate
caster, HP casting, extra vitality 1
a: no special abilities


You were on level 2 of the Dungeon.
You visited 1 branch of the dungeon, and saw 2 of its levels.

You collected 77 gold pieces.

Inventory:

Hand Weapons
 i - a +1 vampiric dagger (weapon)
Armour
 a - a +0 robe
 f - a +0 ring mail
 j - a +0 leather armour (worn)
Jewellery
 l - a ring of willpower (left hand)
Scrolls
 b - a scroll of brand weapon {unknown}
 c - a scroll of amnesia {unknown}
 d - a scroll of poison {unknown}
 g - 2 scrolls of identify {unknown}
 h - a scroll of vulnerability {unknown}
 n - a scroll of teleportation {unknown}
Potions
 e - a potion of berserk rage {unknown}
 k - a potion of haste {unknown}
 m - a potion of curing {unknown}


   Skills:
 * Level 0.1 Armour
 + Level 2.4 Dodging
 + Level 1.6 Stealth
 * Level 3.1 Spellcasting


You knew the following spells:

 Your Spells              Type           Power      Damage    Failure   Level
a - Sting                 Tmut/Pois      56%        1d5       7%          1
b - Poisonous Vapours     Pois/Air       28%        N/A       10%         2
c - Mephitic Cloud        Conj/Pois/Air  14%        N/A       21%         3
d - Olgreb's Toxic Radia  Pois           14%        N/A       54%         4
e - Shock                 Conj/Air       56%        1d6       7%          1
Your spell library was empty.

Dungeon Overview and Level Annotations

Branches:
Dungeon (2/15)

Altars:

Shops:
D:2 (


Innate Abilities, Weirdness & Mutations

You are immune to sickness and miasma.
You are immune to poison.
Your flesh is very heat resistant. (rF++)
You are vulnerable to cold. (rC-)
You float through the air rather than walking.
You learn spells naturally, not from books.
Your magical power is your life essence.
You have superior vitality. (+4 MHP)


Message History

The quokka twitches its whiskers.
Casting: Sting (safe; 7% risk of failure)
Confirm with . or Enter, or press ? or * to list all spells.
Aiming: Sting (safe; 7% risk of failure)
Press: ? - help, Shift-Dir - straight line, f - quokka
Aim: a quokka (60% to hit)
The sting hits the quokka.
The quokka is poisoned.
The quokka is severely wounded.
You kill the quokka!
There is a stone staircase leading down here.
You now have 77 gold pieces (gained 16).
There are no items here.
There is a stone staircase leading up here.
An endoplasm comes into view.
Found 8 gold pieces.
The endoplasm quivers.
You completely miss the endoplasm. The endoplasm freezes you.
You are frozen.
You feel a terrible chill!
You barely miss the endoplasm.
The gnoll throws a stone.
The stone hits you. The endoplasm freezes you.
You are frozen.
You feel a terrible chill!
You hit the endoplasm.
The endoplasm is moderately wounded.
The endoplasm hits you but does no damage.
You hit the endoplasm but do no damage.
The endoplasm is moderately wounded.
The endoplasm hits you.
You hit the endoplasm but do no damage.
The endoplasm is moderately wounded.
The gnoll hits you from afar with a +0 spear.
The endoplasm freezes you.
You are frozen.
You feel a terrible chill!
You hit the endoplasm but do no damage.
The endoplasm is lightly wounded.
The gnoll hits you from afar with a +0 spear.
* * * LOW HITPOINT WARNING * * *
The endoplasm freezes you.
You are frozen.
You feel a terrible chill!
You die...

#...######
#...>#########
#<##.....)..)#
#.##.............
##.###....†...####
#..# ######.###
#.## ..# ##.# ....
#.@# ##... #J##
### #....?g#
#.....## ## #.....
#. #..... #####.
#...$. ####)....
###..# .........
#.. #.######.


You could see a gnoll and an endoplasm.

Vanquished Creatures
  A gnoll (D:2)
  A ball python (D:1)
  An endoplasm (D:1)
  A goblin (D:2)
  2 hobgoblins
  5 kobolds
  A quokka (D:2)
  A bat (D:1)
  2 frilled lizards
15 creatures vanquished.

Notes
Turn   | Place    | Note
-------+----------+-------------------------------------------
     0 | D:1      | monsoonserge the Djinni Venom Mage began the quest for the
                  | Orb.
     0 | D:1      | monsoonserge set off with the following spells memorised:
                  | Sting, Poisonous Vapours, Mephitic Cloud, Olgreb's Toxic
                  | Radiance.
     0 | D:1      | Reached XP level 1. HP: 15/15 MP: 0/0
   406 | D:1      | Reached XP level 2. HP: 12/21 MP: 0/0
   849 | D:2      | Found Wuoren's Weapon Shoppe.
   910 | D:2      | Reached skill level 3 in Spellcasting
   910 | D:2      | Reached XP level 3. HP: 20/25 MP: 0/0
   910 | D:2      | Learned a level 1 spell: Shock
  1062 | D:2      | Frozen to death by an endoplasm

Illustrated notes

Levels and vault maps discovered:
D:1:      minmay_arrival_shattered_statue, layout_basic, nicolae_eternal_life
D:2:      layout_rooms, serial_shops, shop

Skill      XL: |  1  2 |
---------------+-------+-----
Spellcasting   | 3 |  3.1
Armour         | |  0.1
Dodging        | |  2.4
Stealth        | |  1.6

Action                     || total
---------------------------++-------
  Melee: Dagger            ||    19
         Unarmed           ||     1
         Punch             ||     1
   Cast: Sting             ||    19
         Shock             ||     2
   Stab: Sleeping          ||     1
 Armour: Robe              ||     2
         Leather armour    ||     2
  Dodge: Dodged            ||     7
